 Dungeon Crawl Stone Soup version 0.29.0-4-gdea44cf6ec (webtiles) character file.

Game seed: 17622362495847215106

3537 qw the Cleaver (level 10, -9/64 HPs)
             Began as a Gargoyle Berserker on Sept 6, 2022.
             Was a Priest of Trog.
             Mangled by a two-headed ogre
             ... wielding a +0 dire flail
             ... summoned by a gnoll
             ... led by a gnoll bouda
              (17 damage)
             ... on level 9 of the Dungeon.
             The game lasted 00:02:53 (9360 turns).

qw the Cleaver (Gargoyle Berserker)                 Turns: 9360, Time: 00:02:54

Health: -9/64      AC: 32    Str: 27    XL:     10   Next: 8%
Magic:  19/19      EV:  9    Int:  7    God:    Trog [***...]
Gold:   1165       SH:  0    Dex:  9    Spells: 9/9 levels left

rFire   + . .      SeeInvis +   Y - +1 war axe (protect)
rCold   . . .      Faith    .   (no shield)
rNeg    + . .      Spirit   .   s - +4 chain mail of Least Resistance {+Blink MP+9 Str+3}
rPois   inf        Reflect  .   (helmet restricted)
rElec   +          Harm     .   l - +0 cloak
rCorr   .          Rampage  .   i - +0 pair of gloves
Will    .....                   o - +0 pair of boots
Stlth   ..........              c - amulet of the acrobat
HPRegen 0.20/turn               f - ring of see invisible
MPRegen 0.16/turn               j - ring of protection from fire

@: about to teleport, under a protective aura, on berserk cooldown, slowed, very
slow
A: sickness immunity, AC +7, negative energy resistance 1, electricity
resistance, torment resistance 1, petrification resistance, antennae 1, claws 1,
dopey 1
a: Renounce Religion, Evoke Blink, Berserk, Trog's Hand


You were on level 9 of the Dungeon.
You worshipped Trog.
Trog was most pleased with you.
You visited 1 branch of the dungeon, and saw 9 of its levels.

You collected 1193 gold pieces.
You spent 28 gold pieces at shops.


Innate Abilities, Weirdness & Mutations

You are immune to sickness and miasma.
Your stone body is resilient. (AC +7)
You are immune to poison.
You resist negative energy. (rN+)
You are resistant to electric shocks. (rElec)
You are resistant to unholy torment.
You are immune to petrification.
You have a pair of small antennae on your head.
You have sharp fingernails.
You are dopey. (Int -2)


   Skills:
 - Level 8.0 Fighting
 + Level 10.6 Axes
 - Level 1.4 Throwing
 - Level 6.0 Armour
 - Level 1.5 Dodging


You had 9 spell levels left.
You didn't know any spells.
Your spell library was empty.

Inventory:

Hand Weapons
 n - a +0 flail
 Y - a +1 war axe of protection (weapon)
Armour
 i - a +0 pair of gloves (worn)
 l - a +0 cloak (worn)
 o - a +0 pair of boots (worn)
 s - the +4 chain mail of Least Resistance (worn) {+Blink MP+9 Str+3}
   (You found it on level 4 of the Dungeon)

   Str:       It affects your strength (+3).
   MP:        It affects your magic capacity (+9).
   +Blink:    It lets you blink.
Jewellery
 b - a +6 ring of dexterity
 c - an amulet of the acrobat (around neck)
 f - a ring of see invisible (left hand)
 j - a ring of protection from fire (right hand)
Scrolls
 a - 6 scrolls of teleportation
 e - 3 scrolls of identify
Potions
 h - 3 potions of might
 m - 4 potions of heal wounds
 q - 5 potions of curing

Dungeon Overview and Level Annotations

Branches:
Dungeon (9/15)             Temple (0/1) D:6
   Lair: D:8-11         Orc: D:9-12

Altars:
Cheibriados
Hepliaklqana
Kikubaaqudgha
Okawaru
Qazlal
Vehumet
Wu Jian
Yredelemnul
The Shining One

Shops:
D:1 *   D:2 *


Message History

You are exhausted.
You feel yourself slow down.
The two-headed ogre barely misses you. x2
You slash the two-headed ogre!
The two-headed ogre is severely wounded.
The two-headed ogre hits you with a +0 giant spiked club.
The two-headed ogre hits you but does no damage.
You slash the two-headed ogre!
The two-headed ogre is almost dead.
The two-headed ogre hits you with a +0 giant spiked club!
The two-headed ogre hits you with a +0 giant club.
You slash the two-headed ogre!
You kill the two-headed ogre!
The two-headed ogre's corpse dissolves into shadows!
The two-headed ogre hits you with a +0 dire flail.
The two-headed ogre misses you.
You hit the two-headed ogre.
The two-headed ogre is lightly wounded.
The two-headed ogre completely misses you.
The two-headed ogre hits you with a +0 giant spiked club!!
You slash the two-headed ogre!
The two-headed ogre is moderately wounded.
The two-headed ogre hits you but does no damage.
The two-headed ogre closely misses you.
You slash the two-headed ogre!
The two-headed ogre is heavily wounded.
The gnoll sergeant hits you but does no damage.
The two-headed ogre hits you with a +0 dire flail.
The two-headed ogre hits you with a +0 giant spiked club.
You slice the two-headed ogre!!
The two-headed ogre is almost dead.
The gnoll sergeant closely misses you. The gnoll sergeant barely misses you.
The two-headed ogre barely misses you.
The two-headed ogre hits you with a +0 giant spiked club.
9360 ||| READING 7 scrolls of teleportation.
As you read the scroll of teleportation, it crumbles to dust.
You feel strangely unstable.
The gnoll sergeant hits you from afar with a +0 spear!
The two-headed ogre hits you with a +0 dire flail.
The two-headed ogre hits you with a +0 giant spiked club!
You die...

#.# .### #.#.# ....
#.#.# ..# #.#.# ##.#
#.#.########.<##
#.#...?.(...<..#
#.#.%%)........#
#.######.#.)).........#
.gggggO@.)))#######+###
#.###o###.#...... #
...#..#### #.###..# #.
...+ . _..# .# .... #.
#...... #.. #......#
#..


You could see a two-headed ogre (summoned), a gnoll sergeant (summoned), 4
gnolls and an orc (summoned).

Vanquished Creatures
  A hornet (D:8)
  Sigmund (D:2)
  2 wyverns
  A steam dragon (D:7)
  6 water moccasins
  An orc warrior (D:8)
  3 sky beasts
  2 ice beasts
  2 black bears
  An ogre (D:5)
  3 centaurs
  A bullfrog (D:8)
  A necrophage (D:7)
  A scorpion (D:7)
  3 killer bees (D:9)
  2 howler monkeys (D:7)
  2 jellies
  2 hounds
  2 gnoll boudas
  3 orc priests
  Jessica (D:2)
  Ijyb (D:4)
  3 orc wizards
  13 gnolls
  2 adders
  A shadow imp (D:8)
  3 white imps
  4 worms
  3 dart slugs
  29 orcs
  8 endoplasms
  2 giant cockroaches
  5 hobgoblins
  2 jackals (D:1)
  7 kobolds
  5 quokkas
  7 ball pythons
  7 bats
  4 frilled lizards
  2 goblins
  5 rats (D:1)
  A spectral orc (D:7)
155 creatures vanquished.

Vanquished Creatures (others)
  3 fungi (D:3)
3 creatures vanquished.

Grand Total: 158 creatures vanquished

Notes
Turn   | Place    | Note
-------+----------+-------------------------------------------
     0 | D:1      | qw the Gargoyle Berserker began the quest for the Orb.
     0 | D:1      | Reached XP level 1. HP: 14/14 MP: 1/1
     0 | D:1      | 0 ||| qw: Version: 0.1-a-108-g9e35731
     0 | D:1      | 0 ||| qw: Game counter: 6397
     0 | D:1      | 0 ||| qw: Always use a shield: true
     0 | D:1      | 0 ||| qw: Do Orc after D:15 true
     0 | D:1      | 0 ||| qw: Do second Lair branch before Depths: true
     0 | D:1      | 0 ||| qw: Lair rune preference: random
     0 | D:1      | 0 ||| qw: Plans: Normal
     0 | D:1      | 0 ||| PLANNING D:1-11
   110 | D:1      | 110 ||| INVOKING Berserk.
   303 | D:1      | Reached skill level 3 in Axes
   390 | D:1      | Reached XP level 2. HP: 14/19 MP: 2/2
   632 | D:1      | 632 ||| Stepping ~*~*~tactically~*~*~ (stealth).
   636 | D:1      | Found Xiwoid's Assorted Antiques.
   646 | D:1      | 646 ||| SHOPLISTING 2 silvery potions (55 gold, have 13).
   646 | D:1      | 646 ||| SHOPLISTING ancient iron ring (155 gold, have 13).
   646 | D:1      | 646 ||| SHOPLISTING green potion (27 gold, have 13).
   646 | D:1      | 646 ||| SHOPLISTING grey potion (27 gold, have 13).
   646 | D:1      | 646 ||| SHOPLISTING ominously black robe (176 gold, have
                  | 13).
   646 | D:1      | 646 ||| SHOPLISTING scroll labelled FUOPNE CELEUR (31 gold,
                  | have 13).
   646 | D:1      | 646 ||| SHOPLISTING scroll labelled GOLIXI RASEPPI (31
                  | gold, have 13).
   679 | D:1      | 679 ||| DROPPING +0 club.
   885 | D:1      | Reached XP level 3. HP: 17/23 MP: 3/3
  1184 | D:1      | 1184 ||| INVOKING Berserk.
  1332 | D:1      | 1332 ||| Stepping ~*~*~tactically~*~*~ (stealth).
  1335 | D:1      | 1335 ||| Stepping ~*~*~tactically~*~*~ (stealth).
  1336 | D:1      | 1336 ||| Stepping ~*~*~tactically~*~*~ (stealth).
  1337 | D:1      | 1337 ||| Stepping ~*~*~tactically~*~*~ (stealth).
  1554 | D:1      | 1554 ||| UPGRADING to +0 pair of gloves.
  1559 | D:1      | 1559 ||| UPGRADING to amulet of the acrobat.
  1564 | D:1      | 1564 ||| UPGRADING to ring of see invisible.
  1565 | D:1      | 1565 ||| READING scroll labelled XORGHODDASA.
  1566 | D:1      | 1566 ||| READING scroll labelled OLUGIKKINT.
  1567 | D:1      | 1567 ||| READING scroll labelled HUIZASORECI.
  1568 | D:1      | 1568 ||| READING scroll labelled FUOPNE CELEUR.
  1628 | D:2      | Reached skill level 4 in Axes
  1708 | D:2      | Noticed Sigmund
  1709 | D:2      | 1709 ||| Stepping ~*~*~tactically~*~*~ (hiding).
  1712 | D:2      | 1712 ||| INVOKING Berserk.
  1719 | D:2      | Killed Sigmund
  1720 | D:2      | Reached skill level 5 in Axes
  1720 | D:2      | Reached XP level 4. HP: 18/28 MP: 4/4
  1720 | D:2      | Reached XP level 5. HP: 21/32 MP: 5/5
  1781 | D:2      | 1781 ||| FLEEEEING.
  1782 | D:2      | 1782 ||| FLEEEEING.
  1783 | D:2      | 1783 ||| FLEEEEING.
  1787 | D:2      | 1787 ||| FLEEEEING.
  1788 | D:2      | 1788 ||| FLEEEEING.
  1789 | D:2      | 1789 ||| FLEEEEING.
  1790 | D:2      | 1790 ||| FLEEEEING.
  1791 | D:2      | 1791 ||| FLEEEEING.
  1792 | D:2      | 1792 ||| FLEEEEING.
  1794 | D:2      | 1794 ||| FLEEEEING.
  1795 | D:2      | 1795 ||| FLEEEEING.
  1797 | D:2      | 1797 ||| FLEEEEING.
  1798 | D:2      | 1798 ||| FLEEEEING.
  1799 | D:2      | 1799 ||| FLEEEEING.
  1800 | D:2      | 1800 ||| STAIRDANCE
  1949 | D:2      | Found Sobaryp's General Store.
  1961 | D:2      | 1961 ||| SHOPLISTING potion of mutation (112 gold, have
                  | 64).
  1961 | D:2      | 1961 ||| BUYING scroll of identify (28 gold).
  1961 | D:2      | Bought a scroll of identify for 28 gold pieces
  1961 | D:2      | 1961 ||| SHOPLISTING scroll of teleportation (42 gold, have
                  | 36).
  1961 | D:2      | 1961 ||| SHOPLISTING wand of digging (7) (411 gold, have
                  | 36).
  2285 | D:2      | Reached XP level 6. HP: 36/37 MP: 6/6
  2404 | D:2      | Noticed Jessica
  2405 | D:2      | 2405 ||| Stepping ~*~*~tactically~*~*~ (hiding).
  2406 | D:2      | 2406 ||| Stepping ~*~*~tactically~*~*~ (hiding).
  2412 | D:2      | Killed Jessica
  2607 | D:2      | Reached ** piety under Trog
  2758 | D:2      | 2758 ||| UPGRADING to +0 cloak.
  2763 | D:2      | 2763 ||| UPGRADING to +2 robe.
  2773 | D:2      | 2773 ||| DROPPING +0 animal skin.
  2774 | D:2      | 2774 ||| UPGRADING to +0 ring mail.
  2784 | D:2      | 2784 ||| DROPPING +2 robe.
  2785 | D:2      | 2785 ||| UPGRADING to +6 ring of dexterity.
  2786 | D:2      | 2786 ||| READING 2 scrolls labelled GOLIXI RASEPPI.
  2789 | D:2      | 2789 ||| READING scroll labelled IPLUIG PATSEUF.
  2790 | D:2      | 2790 ||| DRINKING 2 dark potions.
  2790 | D:2      | Gained mutation: You are frail. (-10% HP) [potion of
                  | mutation]
  2790 | D:2      | Gained mutation: You are dopey. (Int -2) [potion of
                  | mutation]
  2790 | D:2      | Gained mutation: You occasionally shout uncontrollably at
                  | your foes. [potion of mutation]
  2790 | D:2      | Gained mutation: You have sharp fingernails. [potion of
                  | mutation]
  2791 | D:2      | 2791 ||| DRINKING potion of mutation.
  2791 | D:2      | Lost mutation: You occasionally shout uncontrollably at
                  | your foes. [potion of mutation]
  2791 | D:2      | Lost mutation: You are frail. (-10% HP) [potion of
                  | mutation]
  2791 | D:2      | Gained mutation: You sometimes lose your temper in combat.
                  | [potion of mutation]
  2791 | D:2      | Lost mutation: You sometimes lose your temper in combat.
                  | [potion of mutation]
  2791 | D:2      | Gained mutation: You have a pair of small antennae on your
                  | head. [potion of mutation]
  2822 | D:2      | 2822 ||| DRINKING 2 metallic dark potions.
  2823 | D:2      | 2823 ||| DRINKING 2 silvery potions.
  2824 | D:2      | 2824 ||| READING 4 scrolls of identify.
  2824 | D:2      | 2824 ||| IDENTIFYING black potion
  2825 | D:2      | 2825 ||| READING 3 scrolls of identify.
  2825 | D:2      | 2825 ||| IDENTIFYING metallic grey potion
  2826 | D:2      | 2826 ||| READING 2 scrolls of identify.
  2826 | D:2      | 2826 ||| IDENTIFYING sedimented yellow potion
  2827 | D:2      | 2827 ||| DROPPING potion of attraction.
  2828 | D:2      | 2828 ||| DROPPING potion of lignification.
  2829 | D:2      | 2829 ||| DROPPING potion of degeneration.
  2947 | D:3      | 2947 ||| Stepping ~*~*~tactically~*~*~ (hiding).
  2948 | D:3      | 2948 ||| Stepping ~*~*~tactically~*~*~ (hiding).
  3022 | D:3      | 3022 ||| DROPPING +0 whip.
  3038 | D:3      | Reached skill level 6 in Axes
  3307 | D:3      | Found a faded altar of an unknown god.
  3457 | D:3      | Found an ancient bone altar of Kikubaaqudgha.
  3511 | D:3      | 3511 ||| Stepping ~*~*~tactically~*~*~ (hiding).
  3528 | D:3      | 3528 ||| Stepping ~*~*~tactically~*~*~ (hiding).
  3532 | D:3      | 3532 ||| INVOKING Berserk.
  3597 | D:3      | 3597 ||| SWAPPING to +2 hand axe of electrocution.
  3598 | D:3      | 3598 ||| DROPPING +0 hand axe.
  3729 | D:3      | 3729 ||| UPGRADING to +0 scale mail.
  3739 | D:3      | 3739 ||| UPGRADING to +0 pair of boots.
  3744 | D:3      | 3744 ||| DROPPING +0 ring mail.
  3745 | D:3      | 3745 ||| READING scroll labelled BEYGIT WAXIE.
  3846 | D:3      | 3846 ||| READING scroll labelled OQOISA ICWA.
  3847 | D:3      | 3847 ||| READING 2 scrolls of identify.
  3847 | D:3      | 3847 ||| IDENTIFYING fizzy red potion
  3848 | D:3      | 3848 ||| DROPPING potion of brilliance.
  4080 | D:4      | Noticed Ijyb
  4084 | D:4      | 4084 ||| INVOKING Berserk.
  4087 | D:4      | Killed Ijyb
  4295 | D:4      | Identified the +4 chain mail of Least Resistance {+Blink
                  | MP+9 Str+3}
  4422 | D:4      | 4422 ||| Stepping ~*~*~tactically~*~*~ (hiding).
  4423 | D:4      | 4423 ||| Stepping ~*~*~tactically~*~*~ (hiding).
  4429 | D:4      | 4429 ||| INVOKING Berserk.
  4441 | D:4      | Reached XP level 7. HP: 32/43 MP: 7/7
  4454 | D:4      | 4454 ||| Stepping ~*~*~tactically~*~*~ (stealth).
  4500 | D:4      | 4500 ||| Stepping ~*~*~tactically~*~*~ (stealth).
  4503 | D:4      | 4503 ||| Stepping ~*~*~tactically~*~*~ (stealth).
  4504 | D:4      | 4504 ||| Stepping ~*~*~tactically~*~*~ (stealth).
  4732 | D:4      | 4732 ||| UPGRADING to +0 chain mail.
  4742 | D:4      | 4742 ||| DROPPING +0 scale mail.
  4743 | D:4      | 4743 ||| UPGRADING to +4 chain mail of Least Resistance
                  | {+Blink MP+9 Str+3}.
  4753 | D:4      | 4753 ||| DROPPING +0 chain mail.
  4813 | D:4      | 4813 ||| UPGRADING to ring of protection from fire.
  4815 | D:4      | 4815 ||| READING scroll labelled VYLOTHRE WEFAMP.
  4816 | D:4      | 4816 ||| READING 2 scrolls of identify.
  4816 | D:4      | 4816 ||| IDENTIFYING fuming purple potion
  4863 | D:5      | Entered Level 5 of the Dungeon
  4919 | D:5      | 4919 ||| Stepping ~*~*~tactically~*~*~ (hiding).
  4939 | D:5      | 4939 ||| SWAPPING to +0 war axe.
  4943 | D:5      | 4943 ||| DROPPING +2 hand axe of electrocution.
  5013 | D:5      | Reached skill level 3 in Armour
  5035 | D:5      | 5035 ||| FLEEEEING.
  5036 | D:5      | 5036 ||| FLEEEEING.
  5148 | D:5      | 5148 ||| Stepping ~*~*~tactically~*~*~ (stealth).
  5149 | D:5      | 5149 ||| Stepping ~*~*~tactically~*~*~ (stealth).
  5221 | D:5      | 5221 ||| Stepping ~*~*~tactically~*~*~ (stealth).
  5275 | D:5      | 5275 ||| INVOKING Berserk.
  5278 | D:5      | Reached skill level 7 in Axes
  5556 | D:5      | 5556 ||| Stepping ~*~*~tactically~*~*~ (hiding).
  5692 | D:5      | 5692 ||| Stepping ~*~*~tactically~*~*~ (hiding).
  5693 | D:5      | 5693 ||| Stepping ~*~*~tactically~*~*~ (hiding).
  5785 | D:5      | Found a hazy altar of Hepliaklqana.
  5947 | D:5      | 5947 ||| READING scroll labelled FUELOXITHRU.
  5948 | D:5      | 5948 ||| READING scroll labelled DUTIERENIE.
  5949 | D:5      | 5949 ||| READING scroll labelled BAMEIROGIZ.
  5950 | D:5      | 5950 ||| READING 4 scrolls of identify.
  5950 | D:5      | 5950 ||| IDENTIFYING green potion
  5951 | D:5      | 5951 ||| DROPPING potion of flight.
  5994 | D:6      | Found a staircase to the Ecumenical Temple.
  5995 | D:6      | 5995 ||| INVOKING Berserk.
  6001 | D:6      | 6001 ||| STAIRDANCE
  6355 | D:6      | Found an ornate altar of the Wu Jian Council.
  6375 | D:6      | 6375 ||| Stepping ~*~*~tactically~*~*~ (hiding).
  6379 | D:6      | Reached XP level 8. HP: 49/49 MP: 8/8
  6774 | D:6      | Found a glowing golden altar of the Shining One.
  7131 | D:6      | 7131 ||| INVOKING Berserk.
  7272 | D:6      | 7272 ||| DROPPING amulet of magic regeneration.
  7273 | D:6      | 7273 ||| READING 2 scrolls labelled COISAR XIDODGH.
  7274 | D:6      | 7274 ||| READING 4 scrolls of identify.
  7274 | D:6      | 7274 ||| IDENTIFYING fizzy ruby potion
  7275 | D:6      | 7275 ||| DROPPING scroll of blinking.
  7276 | D:6      | 7276 ||| DROPPING potion of magic.
  7353 | D:7      | 7353 ||| INVOKING Berserk.
  7357 | D:7      | Reached skill level 8 in Axes
  7360 | D:7      | 7360 ||| STAIRDANCE
  7503 | D:7      | Reached skill level 6 in Fighting
  7511 | D:7      | 7511 ||| Stepping ~*~*~tactically~*~*~ (hiding).
  7512 | D:7      | 7512 ||| Stepping ~*~*~tactically~*~*~ (hiding).
  7696 | D:7      | Found a radiant altar of Vehumet.
  7888 | D:7      | Reached skill level 9 in Axes
  7888 | D:7      | Reached XP level 9. HP: 55/55 MP: 9/9
  7912 | D:7      | 7912 ||| INVOKING Berserk.
  8107 | D:7      | Reached skill level 1 in Throwing
  8179 | D:7      | Found a snail-covered altar of Cheibriados.
  8180 | D:7      | 8180 ||| READING 5 scrolls of identify.
  8180 | D:7      | 8180 ||| IDENTIFYING grey potion
  8181 | D:7      | 8181 ||| DROPPING potion of invisibility.
  8182 | D:7      | 8182 ||| READING 8 scrolls of teleportation.
  8205 | D:7      | Found a basalt altar of Yredelemnul.
  8371 | D:8      | 8371 ||| Stepping ~*~*~tactically~*~*~ (hiding).
  8372 | D:8      | 8372 ||| Stepping ~*~*~tactically~*~*~ (hiding).
  8375 | D:8      | Found an iron altar of Okawaru.
  8386 | D:8      | 8386 ||| FLEEEEING.
  8387 | D:8      | 8387 ||| FLEEEEING.
  8388 | D:8      | 8388 ||| FLEEEEING.
  8389 | D:8      | 8389 ||| FLEEEEING.
  8390 | D:8      | 8390 ||| STAIRDANCE
  8432 | D:8      | Noticed a hornet
  8444 | D:8      | Killed a hornet
  8474 | D:8      | 8474 ||| INVOKING Berserk.
  8593 | D:8      | 8593 ||| INVOKING Berserk.
  8600 | D:8      | Reached skill level 10 in Axes
  8768 | D:8      | Reached skill level 6 in Armour
  8877 | D:8      | 8877 ||| INVOKING Berserk.
  8886 | D:8      | Reached XP level 10. HP: 64/64 MP: 10/10
  8994 | D:8      | You fall into a shaft and drop 1 floor!
  8997 | D:9      | 8997 ||| READING scroll labelled DUZ MYTEOSUS.
  8997 | D:9      | Identified a scroll of acquirement
  8997 | D:9      | 8997 ||| ACQUIRING 719 gold pieces
  8997 | D:9      | Acquired 719 gold pieces
  8999 | D:9      | 8999 ||| READING scroll labelled SOFYFE UDYT.
  9000 | D:9      | 9000 ||| READING 5 scrolls of identify.
  9000 | D:9      | 9000 ||| IDENTIFYING red potion
  9001 | D:9      | 9001 ||| READING 4 scrolls of identify.
  9001 | D:9      | 9001 ||| IDENTIFYING glowing pink potion
  9002 | D:9      | 9002 ||| DROPPING potion of berserk rage.
  9003 | D:9      | 9003 ||| DROPPING potion of ambrosia.
  9075 | D:8      | 9075 ||| DROPPING +2 whip of venom.
  9238 | D:9      | 9238 ||| Stepping ~*~*~tactically~*~*~ (hiding).
  9239 | D:9      | 9239 ||| Stepping ~*~*~tactically~*~*~ (hiding).
  9240 | D:9      | 9240 ||| Stepping ~*~*~tactically~*~*~ (hiding).
  9243 | D:9      | 9243 ||| Stepping ~*~*~tactically~*~*~ (hiding).
  9253 | D:9      | Found a stormy altar of Qazlal.
  9255 | D:9      | Reached *** piety under Trog
  9315 | D:9      | 9315 ||| Stepping ~*~*~tactically~*~*~ (stealth).
  9330 | D:9      | 9330 ||| Stepping ~*~*~tactically~*~*~ (stealth).
  9335 | D:9      | 9335 ||| Stepping ~*~*~tactically~*~*~ (hiding).
  9339 | D:9      | 9339 ||| INVOKING Berserk.
  9344 | D:9      | Noticed a two-headed ogre
  9346 | D:9      | Noticed a two-headed ogre
  9359 | D:9      | HP: 16/64 [two-headed ogre/+0 dire flail[a gnoll bouda]
                  | (4)]
  9360 | D:9      | 9360 ||| READING 7 scrolls of teleportation.
  9360 | D:9      | Mangled by a two-headed ogre

Levels and vault maps discovered:
D:1:      zaba_arrival_water, layout_basic, serial_shops, shop
D:2:      minmay_wonky_spiral, layout_basic, serial_shops, shop,
          minmay_misc_feat_tiny, dk_vineyard_2, kennysheep_jessica_study,
          uniq_sigmund
D:3:      layout_loops_ring, kiku_gazebo_garden_becter,
          shapermc_ecumenical_altar_petra
D:4:      layout_basic, uniq_ijyb
D:5:      layout_loops_corners, kennysheep_mini_moat
D:6:      layout_loops_ring, nicolae_overflow_crystal_walls,
          nicolae_tso_carved_into_rock, minmay_temple_entry_proselytizer
D:7:      layout_rooms, fiery_altar_vehumet,
          yredelemnul_forgotten_temple_becter, cheibrodos_worm_habitat,
          minmay_misc_feat_encased, minmay_misc_feat_columns
D:8:      layout_rooms, kennysheep_okawaru_gauntlet
D:9:      gammafunk_corrupted_shrine, layout_basic,
          eat_drink_and_be_merry_uskayaw, mainiacjoe_overflow_large_starburst

Skill      XL: |  1  2  3  4  5  6  7  8  9 |
---------------+----------------------------+-----
Axes           | 3 5 6 7 9 10 | 10.6
Fighting       | 4 5 6 8 |  8.0
Armour         | 3 4 6 |  6.0
Throwing       | 1 |  1.4
Dodging        | |  1.5

Action                   |  1- 3 |  4- 6 |  7- 9 | 10-12 || total
-------------------------+-------+-------+-------+-------++-------
Melee: Hand axe          |   106 |   135 |    10 |       ||   251
       Punch             |     1 |     2 |     3 |       ||     6
       War axe           |       |       |   206 |    46 ||   252
Throw: Boomerang         |       |    35 |    11 |       ||    46
Invok: Berserk           |     3 |     3 |     8 |     1 ||    15
  Use: Scroll            |     4 |     8 |    10 |     5 ||    27
       Potion            |       |     4 |       |       ||     4
Armor: Animal skin       |    39 |    19 |       |       ||    58
       Ring mail         |       |    17 |       |       ||    17
       Scale mail        |       |     8 |       |       ||     8
       Chain mail        |       |       |   158 |    39 ||   197
Dodge: Dodged            |    60 |    57 |   101 |    46 ||   264

Table legend:
 A = Non-vault XP
 B = Vault XP
 C = Vault XP percentage of total XP
 D = Non-vault monster count
 E = Vault monster count
 F = Vault count percentage of total count
                 A         B        C        D         E       F
            +---------+---------+-------+---------+---------+-------
      Total |    4683 |     370 |   7.3 |     145 |      10 |   6.5
            +---------+---------+-------+---------+---------+-------
        D:1 |      49 |       0 |   0.0 |      29 |       0 |   0.0
        D:2 |      45 |     287 |  86.4 |      17 |       6 |  26.1
        D:3 |      91 |       0 |   0.0 |      20 |       0 |   0.0
        D:4 |     135 |      36 |  21.1 |       9 |       1 |  10.0
        D:5 |     403 |       0 |   0.0 |      17 |       0 |   0.0
        D:6 |     422 |      41 |   8.9 |       6 |       1 |  14.3
        D:7 |    1638 |       6 |   0.4 |      15 |       2 |  11.8
        D:8 |    1530 |       0 |   0.0 |      20 |       0 |   0.0
        D:9 |     370 |       0 |   0.0 |      12 |       0 |   0.0
            +---------+---------+-------+---------+---------+-------
